 Dungeon Crawl Stone Soup version 0.29.1-2-gbd0b4ee654 (webtiles) character file.

Game seed: 3697168034459173329

28 xian the Chiller (level 2, 0/19 HPs)
             Began as a Demonspawn Ice Elementalist on Nov 24, 2022.
             Slain by an adder (3 damage)
             ... on level 2 of the Dungeon.
             The game lasted 00:02:16 (1247 turns).

xian the Chiller (Demonspawn Ice Elementalist)      Turns: 1247, Time: 00:02:18

Health: 0/19       AC:  2    Str:  8    XL:     2   Next: 96%
Magic:  4/5        EV: 12    Int: 16    God:
Gold:   77         SH:  0    Dex: 13    Spells: 5/6 levels left

rFire   . . .      SeeInvis .   (no weapon)
rCold   . . .      Faith    .   (no shield)
rNeg    . . .      Spirit   .   a - +0 robe
rPois   .          Reflect  .   (no helmet)
rElec   .          Harm     .   (no cloak)
rCorr   .          Rampage  .   (no gloves)
Will    .....                   (no boots)
Stlth   ++........              (no amulet)
HPRegen 0.06/turn               (no ring)
MPRegen 0.18/turn               (no ring)

@: no status effects
A: magic regeneration
a: no special abilities


You were on level 2 of the Dungeon.
You visited 1 branch of the dungeon, and saw 2 of its levels.

You collected 77 gold pieces.

Inventory:

Armour
 a - a +0 robe (worn)
Scrolls
 e - 2 scrolls of identify {unknown}
 g - a scroll of acquirement {unknown}
 i - a scroll of teleportation {unknown}
 k - a scroll of vulnerability {unknown}
 l - a scroll of magic mapping {unknown}
Potions
 b - a potion of magic
 c - a potion of degeneration {unknown}
 d - a potion of haste {unknown}
 f - a potion of flight {unknown}
 h - a potion of mutation {unknown}
 j - a potion of attraction {unknown}
 m - a potion of heal wounds {unknown}


   Skills:
 + Level 1.8 Dodging
 + Level 1.9 Stealth
 + Level 0.1 Unarmed Combat
 + Level 2.5 Spellcasting
 + Level 4.0 Ice Magic


You had 5 spell levels left.
You knew the following spells:

 Your Spells              Type           Power      Damage    Failure   Level
a - Freeze                Ice            60%        1d8       3%          1

Your spell library contained the following spells:

 Spells                   Type           Power      Damage    Failure   Level
 Frozen Ramparts          Ice            30%        1d5       11%         3
 Ozocubu's Armour         Ice            15%        N/A       11%         3
 Confusing Touch          Hex            2%         N/A       52%         3
 Hailstorm                Conj/Ice       8%         3d4       63%         4
 Yara's Violent Unravell  Hex/Tmut       1%         3d3       99%         5
 Enfeeble                 Hex            1%         N/A       100%        7


Dungeon Overview and Level Annotations

Branches:
Dungeon (2/15)

Altars:


Innate Abilities, Weirdness & Mutations

You regenerate magic rapidly.


Message History

The goblin closely misses you.
You barely miss the goblin.
The goblin is heavily wounded.
The goblin hits you with a +0 club.
* * * LOW HITPOINT WARNING * * *
You closely miss the goblin.
The goblin is heavily wounded.
The goblin closely misses you.
You closely miss the goblin.
The goblin is heavily wounded.
The goblin misses you.
You closely miss the goblin.
The goblin is heavily wounded.
The goblin closely misses you.
You closely miss the goblin.
The goblin is heavily wounded.
The goblin hits you but does no damage.
You hit the goblin but do no damage.
The goblin is heavily wounded.
The goblin hits you with a +0 club.
* * * LOW HITPOINT WARNING * * *
Unknown command.
You barely miss the goblin.
The goblin is heavily wounded.
The goblin hits you but does no damage.
You hit the goblin.
You kill the goblin!
Unknown command.
You are too injured to fight recklessly!
You are too injured to fight recklessly!
You are too injured to fight recklessly!
Casting: Freeze (safe; 3% risk of failure)
Confirm with . or Enter, or press ? or * to list all spells.
Aiming: Freeze (safe; 3% risk of failure)
Press: ? - help, Shift-Dir - straight line, f - adder
Aim: an adder You freeze the adder.
The adder is heavily wounded.
The adder bites you.
You die...

#.# #....##.### ##+##
#.# ####.##.# #.#
#....# #.# #>.### # #.#
###########.# #.#
#........ #.# #........
#.#############........
#.........@Sg.....#
###############.......#
#........ #........
#....#... .........
##......$ .##...


You could see an adder and a hobgoblin.

Vanquished Creatures
  3 ball pythons (D:1)
  An endoplasm (D:1)
  A giant cockroach (D:1)
  5 goblins
  2 hobgoblins (D:1)
  A kobold (D:1)
  A quokka (D:1)
  5 bats (D:1)
  A frilled lizard (D:1)
  5 rats (D:1)
25 creatures vanquished.

Notes
Turn   | Place    | Note
-------+----------+-------------------------------------------
     0 | D:1      | xian the Demonspawn Ice Elementalist began the quest for
                  | the Orb.
     0 | D:1      | Reached XP level 1. HP: 13/13 MP: 3/3
   388 | D:1      | Gained mutation: You regenerate magic rapidly. [demonic
                  | ancestry]
   388 | D:1      | Reached XP level 2. HP: 12/19 MP: 1/5
   627 | D:1      | Reached skill level 4 in Ice Magic
  1247 | D:2      | Slain by an adder

Illustrated notes

Levels and vault maps discovered:
D:1:      lemuel_arrival_muddy, layout_loops_ring, minmay_hexomino_p4
D:2:      layout_basic, basic_altar, ebering_ecumenical_altar_abandoned,
          dk_noncrumbling_4, uniq_natasha, uniq_crazy_yiuf_cottage, uniq_jessica

Skill      XL: |  1  2 |
---------------+-------+-----
Ice Magic      | 4 |  4.0
Dodging        | |  1.8
Stealth        | |  1.9
Unarmed Combat | |  0.1
Spellcasting   | |  2.5

Action                   || total
-------------------------++-------
Melee: Unarmed           ||    37
 Cast: Freeze            ||    28
 Stab: Sleeping          ||     2
Armor: Robe              ||    14
Dodge: Dodged            ||    40
